Cogmind - Beta 16 @@@ ROGUE MODE // 2025.12.22 @ 23:37:03 Player: shockman27 Result: Destroyed by 8R-AWN with 8R-AWN's Boregun Performance ------------- Evolutions (1) 500 Regions Visited (4) 800 Robots Destroyed (106) 530 Value Destroyed (1953) 1953 Prototype IDs (25) 500 Alien Tech Used (0) 0 Bonus (648) 648 TOTAL SCORE: 4931 Bonus ------- High Alert Combat Kills 348 Aligned with FarCom 300 Cogmind --------- Core Integrity 0/400 Matter 300/300 Energy 125/125 System Corruption 6% Temperature Cool (0) Movement Core (450) Ox8 Location -9/Exiles Parts ------- > --- POWER (1) -------- Light Ion Engine > --- PROPULSION (2) --- (None) > --- UTILITY (2) ------ Large Storage Unit > --- WEAPON (4) ------- Heavy Assault Rifle > --- INVENTORY (15) --- Light Treads Structural Scanner Signal Interpreter Improved Light Armor Plating Improved EM Shotgun Beam Rifle AWS/Thermal YOLO Cannon Light Assault Rifle Autogun Grenade Launcher Grenade Launcher Mining Laser Peak State ------------ > --- POWER ------------ Light Ion Engine > --- PROPULSION ------- Light Treads Light Treads > --- UTILITY ---------- Large Storage Unit Light Armor Plating > --- WEAPON ----------- Assault Rifle Heavy Assault Rifle Heavy Assault Rifle Field Lobotomy Kit > --- INVENTORY -------- Light Treads Structural Scanner Signal Interpreter Improved Light Armor Plating Improved EM Shotgun Beam Rifle AWS/Thermal YOLO Cannon Light Assault Rifle Autogun Grenade Launcher Grenade Launcher Mining Laser [Rating: 25] Favorites ----------- Power Light Ion Engine Engine Light Ion Engine Propulsion Light Treads Treads Light Treads Leg Aluminum Leg Wheel Wheel Utility Large Storage Unit Device Seismic Detector Storage Large Storage Unit Protection Light Armor Plating Weapon Autogun Energy Gun Medium Laser Energy Cannon Heavy Particle Cannon Ballistic Gun Autogun Launcher Grenade Launcher Special Weapon Field Lobotomy Kit Build | -11 -10 -9 -9 -9 ------- Run | Yrd Mat Mat Min Exi Slots Evolved 2 | . . 2 . . Power . | . . . . . Propulsion . | . . . . . Utility . | . . . . . Weapon 2 | . . 2 . . Parts Attached 40 | 8 6 25 . 1 Power 4 | 1 . 3 . . Engine 4 | 1 . 3 . . Core . | . . . . . Reactor . | . . . . . Propulsion 13 | 2 2 9 . . Treads 9 | . . 9 . . Leg 2 | 2 . . . . Wheel 2 | . 2 . . . Hover . | . . . . . Flight . | . . . . . Utility 6 | 2 1 3 . . Device 1 | 1 . . . . Storage 2 | 1 1 . . . Processor . | . . . . . Hackware . | . . . . . Protection 3 | . . 3 . . Artifact . | . . . . . Weapon 17 | 3 3 10 . 1 Energy Gun 3 | 1 . 2 . . Energy Cannon 1 | . . 1 . . Ballistic Gun 10 | 2 1 7 . . Ballistic Cannon . | . . . . . Launcher 2 | . 2 . . . Special Weapon 1 | . . . . 1 Impact Weapon . | . . . . . Slashing Weapon . | . . . . . Piercing Weapon . | . . . . . Special Melee Weapon . | . . . . . Unidentified Prototypes 2 | . . 2 . . Parts Lost 12 | . . 6 . 6 Power 1 | . . 1 . . Propulsion 4 | . . 2 . 2 Utility 1 | . . . . 1 Weapon 6 | . . 3 . 3 Highest Loss Streak 6 | . . 4 . 6 To Critical Strikes 3 | . . 1 . 2 Average Backups 12 | 3 8 13 13 13 Power . | . 1 . . . Propulsion 3 | 1 2 3 4 2 Utility 2 | . 1 2 3 3 Weapon 6 | . 3 6 6 7 Tool/Special . | . . . . . Unused Backups 8 | 2 1 . . 5 Power . | . . . . . Propulsion 3 | 2 1 . . . Utility 2 | . . . . 2 Weapon 3 | . . . . 3 Tool/Special . | . . . . . Average Slot Usage (%) 98 | . 100 97 100 98 Engine 11 | . 14 11 11 11 Treads 15 | . . 17 22 21 Leg 1 | . 12 . . . Wheel 5 | . 15 4 . . Device 3 | . 14 2 . . Storage 11 | . 14 11 11 11 Protection 7 | . . 8 11 10 Energy Gun 1 | . 11 . . . Ballistic Gun 38 | . 15 41 44 38 Peak Build Rating 25 | 7 8 19 13 25 Average Rating 13 | 5 7 13 13 19 On Entrance 8 | . 7 8 13 13 Avg Prop Armor Cover (%) 3 | . . 3 . . Naked Turns . | . . . . . Heaviest Build 45 | 14 32 45 37 42 Greatest Support 40 | 20 20 40 40 40 Greatest Overweight (x) 4 | 4 1 1 . 1 Average Overweight (x) . | . . . . . Largest Inventory Capacity 15 | 8 15 15 15 15 Average Capacity 14 | 7 13 15 15 15 Most Carried 15 | 6 10 15 13 15 Average Carried 12 | 3 8 13 13 14 Final Capacity 15 | 8 15 15 15 15 Final Carried 15 | 6 10 13 13 15 Class Distribution -------------------- 35% | Tank 30% | Scavenger-Tank 17% | Gunner 16% | Mutant Dominant Class ---------------- Mutant | -10/Materials Tank | -9/Materials Scavenger-Tank | -9/Mines Scavenger-Tank | -9/Exiles Resources | -11 -10 -9 -9 -9 ----------- Run | Yrd Mat Mat Min Exi Matter Collected 2991 | 218 166 2607 . . Remotely . | . . . . . Salvage Created 3484 | 11 427 3046 . . Parts 242 | 6 27 209 . . Haulers Intercepted 7 | . 1 6 . . Recyclers Shooed 3 | . 2 1 . . Parts Field Recycled . | . . . . . Retrieved Matter . | . . . . . Parts Self-Destructed . | . . . . . Prevented . | . . . . . Parts Restored . | . . . . . Kills | -11 -10 -9 -9 -9 ------- Run | Yrd Mat Mat Min Exi Combat Hostiles Destroyed 59 | . 7 52 . . Guns 52 | . 1 51 . . AOE 7 | . 6 1 . . Classes Destroyed 13 | 1 7 5 . . Worker 16 | . 2 14 . . Builder 6 | . 1 5 . . Tunneler 1 | 1 . . . . Hauler 7 | . 1 6 . . Recycler 6 | . 2 4 . . Mechanic 1 | . . 1 . . Operator 3 | . . 3 . . Watcher 7 | . 3 4 . . Swarmer 23 | . 6 17 . . Grunt 21 | . 1 20 . . Brawler 3 | . . 3 . . Duelist 3 | . . 3 . . Sentry 9 | . . 9 . . Best Kill Streak 17 | 1 5 17 . . Combat Bots Only 7 | . 4 7 . . Max Kills in Single Turn 3 | 1 3 3 . . Gunslinging 1 | . . 1 . . Exploded 3 | . 3 1 . . Melee . | . . . . . Uniques/NPCs Destroyed . | . . . . . Combat | -11 -10 -9 -9 -9 -------- Run | Yrd Mat Mat Min Exi Hostile Shots Fired 276 | . 18 187 . 71 Missed 76 | . 8 47 . 21 Hits 200 | . 10 140 . 50 Melee 12 | . . 5 . 7 Projectile 188 | . 10 135 . 43 Critical Strikes 12 | . . 2 . 10 Damage Taken 2652 | . 128 1681 . 843 Core 469 | . 59 198 . 212 Absorbed by Shields . | . . . . . Core Remaining (%) 88 | 100 76 . . . Volleys Fired 185 | 6 22 154 . 3 Largest 4 | 2 2 4 . 1 Hottest 119 | 40 70 119 . . Shots Fired 616 | 12 42 559 . 3 Gun 608 | 12 37 559 . . Cannon . | . . . . . Launcher 5 | . 5 . . . Special 3 | . . . . 3 Kinetic 582 | 12 20 550 . . Thermal 26 | . 17 9 . . Explosive 5 | . 5 . . . Electromagnetic . | . . . . . Robot Hit Streak 14 | 2 4 13 . 14 Robot Miss Streak 6 | 2 3 6 . . Penetration Max . | . . . . . Secondary Targets 18 | . . 18 . . Max Gunslinging Chain 2 | . . 2 . . Shots Hit Robots 324 | 7 19 295 . 3 Core Hits 151 | 1 21 129 . . Critical Kills 2 | . . 2 . . Critical Parts Destroyed 4 | . . 4 . . Critical Strikes 8 | . 2 6 . . Burn 2 | . 2 . . . Destroy 6 | . . 6 . . Melee Attacks . | . . . . . Impact . | . . . . . Slashing . | . . . . . Piercing . | . . . . . Sneak Attacks . | . . . . . Combat Hostiles . | . . . . . Follow-up Attacks . | . . . . . Damage Inflicted 5353 | 93 541 4719 . . Guns 5063 | 93 274 4696 . . Cannons . | . . . . . Explosions 290 | . 267 23 . . Melee . | . . . . . Ramming . | . . . . . Kinetic 4892 | 93 159 4640 . . Thermal 194 | . 115 79 . . Explosive 267 | . 267 . . . Electromagnetic . | . . . . . Impact . | . . . . . Slashing . | . . . . . Piercing . | . . . . . Highest Corruption 6 | . . 1 1 6 Average Corruption 1 | . . 1 1 1 Corruption Purged . | . . . . . Corruption Blocked . | . . . . . Effects 19 | . . 14 1 4 Message Errors 4 | . . 2 1 1 Matter Fused 6 | . . 4 . 2 Heat Flow Errors 1 | . . 1 . . Energy Discharges 3 | . . 3 . . Data Loss (minor) 3 | . . 2 . 1 Data Loss (major) 2 | . . 2 . . Overload Shots . | . . . . . Overflow Damage 22 | . 22 . . . Projectiles . | . . . . . Explosions 22 | . 22 . . . Melee . | . . . . . Knockbacks . | . . . . . Impact . | . . . . . Kinetic . | . . . . . Secondary . | . . . . . Self-Inflicted Damage 11 | . 11 . . . Shots 1 | . 1 . . . Rammed . | . . . . . Targets Rammed . | . . . . . Kicked . | . . . . . Crushed . | . . . . . Highest Temperature 524 | . 27 524 . . Average Temperature 99 | . 10 105 . . Received Heat Transfer 588 | . 24 564 . . Effects 19 | . . 19 . . Shutdowns 3 | . . 3 . . Energy Bleed 3 | . . 3 . . Interference 4 | . . 4 . . Matter Decay 3 | . . 3 . . Short Circuit 3 | . . 3 . . Damage (minor) 1 | . . 1 . . Damage (major) 2 | . . 2 . . Siege Activations . | . . . . . Martial Activations . | . . . . . Shielding Activations . | . . . . . Robots Disrupted . | . . . . . Combat Hostiles . | . . . . . Robots Corrupted . | . . . . . Combat Hostiles . | . . . . . Parts Fried . | . . . . . Impact Corruptions . | . . . . . Robots Melted . | . . . . . Combat Hostiles . | . . . . . Parts Melted . | . . . . . Heat Transferred 679 | . 481 198 . . Parts Sabotaged . | . . . . . Parts Stolen . | . . . . . Parts Stripped . | . . . . . Power Chain Reactions 2 | . . 2 . . Alert | -11 -10 -9 -9 -9 ------- Run | Yrd Mat Mat Min Exi Maximum Alert Level 3 | . . 3 1 . Low Security (%) 28 | 100 100 14 . . Level 1 10 | . . 9 100 . Level 2 25 | . . 31 . . Level 3 35 | . . 44 . . Level 4 . | . . . . . Level 5 . | . . . . . High Security . | . . . . . Max Security . | . . . . . Sterilizations 1 | . . 1 . . Peak Influence 913 | 5 122 913 339 . Initial 339 | . . 14 339 . Average 482 | . 68 582 317 . Influence Increases 1830 | 5 256 1569 . . Destroy 0b10 Robot/C 1180 | . 140 1040 . . Destroy 0b10 Robot/NC 235 | 5 45 185 . . Destroy Leader 268 | . 28 240 . . Successful Hack 16 | . 16 . . . Disable Machine 60 | . 15 45 . . Destroy Structure 26 | . 12 14 . . Partial Spotted 15 | . . 15 . . Lose Combat Pursuer 30 | . . 30 . . Influence Decreases 1830 | 5 220 733 583 289 Entered New Map 844 | . . 22 533 289 Time Decay 926 | 5 220 651 50 . Lost Part 60 | . . 60 . . Squads Dispatched 6 | . . 6 . . Investigation 1 | . . 1 . . Extermination . | . . . . . Reinforcement 2 | . . 2 . . Assault 3 | . . 3 . . Garrison . | . . . . . Intercept . | . . . . . Searches Triggered . | . . . . . Construction Impeded . | . . . . . Haulers Reinforced . | . . . . . Active Scanning Responses . | . . . . . Cargo Convoy Interrupts . | . . . . . Stealth | -11 -10 -9 -9 -9 --------- Run | Yrd Mat Mat Min Exi Distress Signals 4 | . 1 3 . . Communications Jammed . | . . . . . Distress Signals . | . . . . . Times Spotted 84 | . 10 68 . 6 Peak Tracking Total 9 | . 4 7 . 9 Tactical Retreats 1 | . . 1 . . Traps | -11 -10 -9 -9 -9 ------- Run | Yrd Mat Mat Min Exi Traps Triggered 2 | . 1 1 . . Indirectly . | . . . . . Trap Hack Attempts . | . . . . . Triggered . | . . . . . Disarmed . | . . . . . Reprogrammed . | . . . . . Reused . | . . . . . Traps Extracted . | . . . . . Installed . | . . . . . Triggered . | . . . . . Machines | -11 -10 -9 -9 -9 ---------- Run | Yrd Mat Mat Min Exi Machines Disabled 5 | . 1 4 . . Max in Single Turn 2 | . 1 2 . . Machines Repaired . | . . . . . Machines Dismantled . | . . . . . Machines Sabotaged . | . . . . . Overloaded Fab Kills . | . . . . . Hacking | -11 -10 -9 -9 -9 --------- Run | Yrd Mat Mat Min Exi Machines Accessed 4 | . 3 . . 1 Terminals 2 | . 2 . . . Fabricators . | . . . . . Repair Stations . | . . . . . Recycling Units 1 | . 1 . . . Scanalyzers . | . . . . . Garrison Access . | . . . . . Total Hacks 15 | . 14 . . 1 Successful 9 | . 8 . . 1 Failed 5 | . 5 . . . Catastrophic . | . . . . . Database Lockouts 1 | . 1 . . . Manual 11 | . 10 . . 1 Terminals 11 | . 11 . . . Fabricators . | . . . . . Repair Stations . | . . . . . Recycling Units 3 | . 3 . . . Scanalyzers . | . . . . . Garrison Access . | . . . . . Terminal Hacks 4 | . 3 . . 1 Robot Analysis 1 | . 1 . . . Locate Traps 1 | . 1 . . . Hauler Manifests 1 | . 1 . . . Proto ID Catalog 1 | . . . . 1 Fabricator Hacks . | . . . . . Repair Station Hacks . | . . . . . Recycling Unit Hacks 3 | . 3 . . . Process 1 | . 1 . . . Report Inventory 1 | . 1 . . . Retrieve Matter 1 | . 1 . . . Scanalyzer . | . . . . . Garrison Access Hacks . | . . . . . Unauthorized Hacks 2 | . 2 . . . Terminals 2 | . 2 . . . Botnet 2 | . 2 . . . Fabricators . | . . . . . Repair Stations . | . . . . . Recycling Units . | . . . . . Scanalyzers . | . . . . . Garrison Access . | . . . . . Data Cores Recovered 1 | . . 1 . . Used . | . . . . . Hacking Detections 3 | . 3 . . . Full Trace Events . | . . . . . Feedback Events . | . . . . . Feedback Blocked . | . . . . . Robot Schematics Acquired . | . . . . . Robots Built . | . . . . . Authchips . | . . . . . Time . | . . . . . Total Robot Build Rating . | . . . . . Part Schematics Acquired . | . . . . . Parts Built . | . . . . . Authchips . | . . . . . Time . | . . . . . Total Part Build Rating . | . . . . . Part Studies Acquired . | . . . . . Parts Repaired . | . . . . . Time . | . . . . . Parts Recycled . | . . . . . Recycled Matter 215 | . 215 . . . Retrieved Matter 360 | . 360 . . . Retrieved Components . | . . . . . Parts Scanalyzed . | . . . . . Part Schematics Acquired . | . . . . . Parts Damaged . | . . . . . Bothacking | -11 -10 -9 -9 -9 ------------ Run | Yrd Mat Mat Min Exi Used RIF Installer . | . . . . . Robots Hacked . | . . . . . Non-combat . | . . . . . Combat . | . . . . . Robot Hacks Applied . | . . . . . Relay Couplers Released . | . . . . . Fabnet Peak Effective % . | . . . . . Robots Rewired . | . . . . . Allies Hacked . | . . . . . Hacks Repelled . | . . . . . Allies | -11 -10 -9 -9 -9 -------- Run | Yrd Mat Mat Min Exi Total Allies . | . . . . . Largest Group . | . . . . . Highest-Rated Group . | . . . . . Highest-Rated Ally . | . . . . . Total Orders . | . . . . . Ally Attacks . | . . . . . Total Damage . | . . . . . Kills . | . . . . . Allies Corrupted . | . . . . . Allies Melted . | . . . . . Intel | -11 -10 -9 -9 -9 ------- Run | Yrd Mat Mat Min Exi Active Infowar (turns) 1274 | 35 494 745 . . Seismic 1274 | 35 494 745 . . Robot Analysis Total 1 | . 1 . . . Derelict Logs Recovered 1 | . . . 1 . Drone Launches . | . . . . . Drone Recoveries . | . . . . . Exploration | -11 -10 -9 -9 -9 ------------- Run | Yrd Mat Mat Min Exi Turns Passed 4161 | 162 494 2978 103 424 Spaces Moved 1980 | 93 370 1246 65 206 Core 25 | 25 . . . . Treads 1176 | . . 905 65 206 Legs 182 | 68 114 . . . Wheels 597 | . 256 341 . . Hover . | . . . . . Flight . | . . . . . Fastest Speed 50 | 50 95 95 160 160 Average Speed 157 | 131 110 168 160 191 Slowest Speed 250 | 250 190 240 160 240 Overloaded Moves . | . . . . . Propulsion Burnouts . | . . . . . Robots Hopped . | . . . . . Potential Cave-ins . | . . . . . Cave-ins Triggered . | . . . . . Exploration Rate (%) 44 | 6 66 87 19 42 Regions Visited 4 Branch Regions 2 Pre-discovered Areas . | . . . . . Known Exits Taken . | . . . . . Unknown Exits Taken 4 | 1 1 1 1 . Scrap Searched . | . . . . . Spaces Dug . | . . . . . Terrain Destroyed 16 | . 10 6 . . Melee . | . . . . . Projectile . | . . . . . AOE 16 | . 10 6 . . Terrain Rammed . | . . . . . Walls Destroyed . | . . . . . Machines Disabled . | . . . . . Actions | -11 -10 -9 -9 -9 --------- Run | Yrd Mat Mat Min Exi Total 2688 | 118 410 1865 64 231 Wait 432 | 2 2 413 . 15 Move 1976 | 92 369 1245 64 206 Hop . | . . . . . Pick Up 15 | 7 4 1 . 3 Fast Attach 14 | 7 . 7 . . Attach 7 | . . 7 . . Detach 5 | . . 5 . . Swap 36 | 2 11 22 . 1 Drop 18 | 2 2 11 . 3 Fire 185 | 6 22 154 . 3 Melee . | . . . . . Ram . | . . . . . Kick . | . . . . . Crush . | . . . . . Escape Stasis . | . . . . . Rewire . | . . . . . Trap . | . . . . . Miscellaneous . | . . . . . Route ------- -11/Scrapyard -10/Materials (discovered 3 exits: *Mat / [*Min x2]) -9/Materials (discovered 4 exits: [*Mat x2] / [*Min x2]) -9/Mines -9/Exiles History --------- Turn | Location | Event 5 | -11/Scrapyard | Discovered new exit (range 16) 163 | -11/Scrapyard | Entered Materials 187 | -10/Materials | Central database locked down 310 | -10/Materials | Build established: Mutant 400 | -10/Materials | Discovered new exit (range 13) 565 | -10/Materials | Discovered new exit (range 7) 599 | -10/Materials | Discovered new exit (range 13) 657 | -10/Materials | Entered another Materials area 657 | -9/Materials | Evolved 2 slots: Weapon x2 967 | -9/Materials | Build established: Gunner 1020 | -9/Materials | Discovered new exit (range 13) 1047 | -9/Materials | Destroyed 7 combat bots 1457 | -9/Materials | First assault squad dispatched 1463 | -9/Materials | Discovered new exit (range 6) 1699 | -9/Materials | Build established: Tank 1742 | -9/Materials | Discovered new exit (range 7) 2409 | -9/Materials | Lost 4 parts (1n3w) 2896 | -9/Materials | Discovered new exit (range 16) 2991 | -9/Materials | Sterilization system engaged 2991 | -9/Materials | Non-combat units ordered to evacuate 3091 | -9/Materials | Combat units ordered to evacuate 3245 | -9/Materials | Build established: Scavenger-Tank 3291 | -9/Materials | Ambient heat levels rising (+10) 3441 | -9/Materials | Ambient heat levels rising (+10) 3591 | -9/Materials | Ambient heat levels rising (+10) 3635 | -9/Materials | Entered Mines 3643 | -9/Mines | Learned Materials emergency access door positions 3728 | -9/Mines | Deemed a non-threat by the Exiles lab entrance 3730 | -9/Mines | Discovered new exit (range 5) 3738 | -9/Mines | Entered Exiles 3777 | -9/Exiles | Met 8R-AWN 3801 | -9/Exiles | Met EX-HEX 3854 | -9/Exiles | Met EX-BIN 3878 | -9/Exiles | Aligned with FarCom system 3879 | -9/Exiles | Given EX-Vault access code 3919 | -9/Exiles | Opened EX-Vault 3934 | -9/Exiles | Found Field Lobotomy Kit 3947 | -9/Exiles | Found AWS/Thermal 3953 | -9/Exiles | Found YOLO Cannon 4004 | -9/Exiles | Warned to stay clear of 0b10 Research branches 4140 | -9/Exiles | Attacked by the Exiles 4141 | -9/Exiles | Core integrity fell below 50% 4159 | -9/Exiles | Core integrity fell below 20% 4162 | -9/Exiles | Destroyed by 8R-AWN with 8R-AWN's Boregun Last Messages --------------- 04154_ as-73614 destroyed. 04156_ Penetrated by HV Slug. 04156_ HV Slug penetrates Wall. 04156_ Penetrated by HV Slug. 04156_ HV Slug penetrates Wall. 04158_ Penetrated by HV Slug. 04158_ HV Slug penetrates Wall. 04158_ Penetrated by HV Slug. 04158_ HV Slug penetrates Wall. 04159_ Field Lobotomy Kit destroyed. 04160_ Wall collapses. 04160_ Penetrated by HV Slug. 04160_ HV Slug penetrates Earth. 04160_ Penetrated by HV Slug. 04160_ HV Slug penetrates Earth. 04161_ Assault Rifle destroyed. 04161_ System corrupted by crushing effect (+5). 04162_ Penetrated by HV Slug. 04162_ HV Slug penetrates Earth. 04162_ Penetrated by HV Slug. Map ----- +----------------------------------------------------+ | """#?????????????????????????????????????????????? | | """#?????????????????????????????????????????????? | | """#?????????????????????????????????????????????? | | """#?????????????????????????????????????????????? | | """#?????????????????????????????????????????????? | | """#?????????????????????????????????????????????? | | """"?????????????????????????????????????????????? | | """#?????????????????????????????????????????????? | | """"?????????????????????????????????????????????? | | #?????????????????????????????????????????????? | | """#?????????????????????????????????????????????? | | ####?????????????????????????????????????????????? | | ?????????????????????????????????????????????????? | | ?????????????????????????????????????????????????? | | ?????????????????????????????????????????????? ??? | | ##########???????????????????????????????????? ? | | """""""""##??????????????????????????????????? | | " """ """"##?????????????????????????????????# # | | "" " #???????????????????????????????## # | | " """#???????????????????????????????# | | " "#???????????#####???????????????# | | " "##?????????##" #??????????????## | | ""###???????#" g #?????????????## #? | | """#??????## ##????????????# #? | | "#????### ###????????### #?? | | ##???# a@ ########## #?? | | ##?## a% #""""## #??? | | ### * ##?? | | #; * #?? | | ##;# ##? | | ""##;"" ""#### ## | | #"""###;######??#### * | | % ######?# #??????????##### | | a ##??????# #??????????????### | | " ##???????? ?????????????????### | | """ ""#????????? ???????????????????### | | ""#" "##?????????#????????????????????#" | | """##"""""""##???????????????????????????????#### | | """#?#########???????????????????????????????????# | | ###??????????????????????????????????????????????# | | ?????????????????????????????????????????????????? | | ?????????????????????????????????????????????????? | | ?????????????????????????????????????????????????? | | ?????????????????????????????????????????????????? | | ?????????????????????????????????????????????????? | | ?????????????????????????????????????????????????? | | ?????????????????????????????????????????????????? | | ?????????????????????????????????????????????????? | | ?????????????????????????????????????????????????? | | ?????????????????????????????????????????????????? | +----------------------------------------------------+ Best States ------------- Heat Dissipation 28 Energy Generation 14 Energy Capacity 280 Matter Stores 300 Matter Capacity 300 Sight Range 16 Terrain Scan Density 10 Armor Coverage 150 Evasion (%) 55 Recoil Reduction 2 Item Schematics ----------------- None Robot Schematics ------------------ None Fabricated ------------ Nothing Repaired ---------- Nothing Studied --------- None Alien Tech Used ----------------- None Achievements -------------- Well Done Challenges ------------ None Game ------ Seed GaussSmallConstruct Manual? 0 Play Time 00:23:47 Cumulative 162.0 hours Start 2025.11.27 @ 21:06:36 End 2025.12.22 @ 23:37:03 Sessions 5 Manual Loads 0 Difficulty Rogue Special Mode None Game No. 96 Rogue 92 Adventurer 4 Explorer 0 Win Type - Total 3 Types 2/0/0/1/0/0/0/0/0/0 Lore% 67 Gallery% 59 Achievement% 30 Wizard Run 0 Options --------- Layout 0 ASCII 0 Keyboard 1 Movement Vi Keybinds 0 Fullscreen 1 Font 24/Smallcaps Map View 76x50 Zoom Use 0% Tactical HUD 1 Map Filters NONE Filters NONE Steam 1 RUN: 007c305f-55ad-4251-9d25-282a8df28f20